 Dungeon Crawl Stone Soup version 0.29.1-12-g30fa7ad0bf (webtiles) character file.

Game seed: 9026000147669060569

2937 hawla the Chiller (level 10, 0/75 HPs)
             Began as a Meteoran Ice Elementalist on Dec 26, 2022.
             Was a Believer of Vehumet.
             Slain by a komodo dragon (20 damage)
             ... on level 2 of the Lair of Beasts.
             The game lasted 00:17:10 (3476 turns).

hawla the Chiller (Meteoran Ice Elementalist)       Turns: 3476, Time: 00:17:11

Health: 0/75       AC:  9    Str: 10    XL:     10   Next: 28%
Magic:  14/21      EV: 18    Int: 21    God:    Vehumet [**....]
Gold:   299        SH:  0    Dex: 15    Spells: 10/23 levels left

rFire   . . .      SeeInvis .   q - +5 quarterstaff (chaos)
rCold   . . .      Faith    .   (shield currently unavailable)
rNeg    . . .      Spirit   .   a - +0 robe
rPois   .          Reflect  .   j - +0 helmet
rElec   .          Harm     .   r - +1 cloak
rCorr   .          Rampage  .   m - +2 pair of gloves
Will    +....                   h - +0 pair of boots
Stlth   +.........              (no amulet)
HPRegen 0.22/turn               g - +4 ring of evasion
MPRegen 0.17/turn               (no ring)

@: freezing walls, glowing
A: sense surroundings 2, otherworldly, glowing, explore regen
a: Renounce Religion


You were on level 2 of the Lair of Beasts.
You worshipped Vehumet.
Vehumet was pleased with you.
You visited 3 branches of the dungeon, and saw 11 of its levels.
You also visited: Sewer and Ossuary.

You collected 299 gold pieces.

Inventory:

Hand Weapons
 q - a +5 quarterstaff of chaos (weapon)
Armour
 a - a +0 robe (worn)
 h - a +0 pair of boots (worn)
 j - a +0 helmet (worn)
 m - a +2 pair of gloves (worn)
 r - a +1 cloak (worn)
Magical Staves
 f - a staff of cold
Jewellery
 g - a +4 ring of evasion (left hand)
 p - a +4 ring of protection
 v - a ring of fire
Scrolls
 l - a scroll of summoning
 n - 2 scrolls of teleportation
 t - a scroll of enchant weapon
 u - a scroll of fog {unknown}
 w - a scroll of enchant armour {unknown}
Potions
 b - 2 potions of magic
 c - 3 potions of attraction
 d - a potion of haste
 e - 3 potions of might
 i - 5 potions of heal wounds
 k - a potion of cancellation
 o - a potion of brilliance
 s - 2 potions of curing
 x - a potion of invisibility {unknown}
 z - a potion of mutation


   Skills:
 - Level 2.9 Fighting
 - Level 6.9 Staves
 - Level 5.3 Dodging
 - Level 1.4 Stealth
 - Level 7.0 Spellcasting
 - Level 6.1 Conjurations
 + Level 5.7 Hexes
 - Level 7.3 Ice Magic
 - Level 2.0 Evocations


You had 10 spell levels left.
You knew the following spells:

 Your Spells              Type           Power      Damage    Failure   Level
a - Freeze                Ice            100%       1d11      1%          1
b - Frozen Ramparts       Ice            76%        1d12      1%          3
c - Hailstorm             Conj/Ice       35%        3d9       5%          4
d - Metabolic Englaciati  Hex/Ice        17%        N/A       16%         5

Your spell library contained the following spells:

 Spells                   Type           Power      Damage    Failure   Level
 Searing Ray              Conj           66%        2d6       1%          2
 Ozocubu's Armour         Ice            38%        N/A       1%          3
 Tukima's Dance           Hex            31%        N/A       2%          3
 Blink                    Tloc           14%        N/A       13%         2
 Yara's Violent Unravell  Hex/Tmut       9%         3d6       58%         5
 Passage of Golubria      Tloc           7%         N/A       65%         4
 Petrify                  Tmut/Erth      7%         N/A       65%         4
 Manifold Assault         Tloc           7%         N/A       94%         5
 Statue Form              Tmut/Erth      4%         N/A       100%        6
 Storm Form               Tmut/Air       3%         N/A       100%        7


Dungeon Overview and Level Annotations

Branches:
Dungeon (8/15) Zot: 1716   Temple (1/1) D:5 Zot: 562    Lair (2/5) D:8 Zot: 1115
  Sewer (visited)         Ossuary (visited)
  Swamp: Lair:2-3    Shoals: Lair:2-3     Snake: Lair:2-3    Spider: Lair:2-3

Altars:
Ashenzari
Dithmenos
Elyvilon
Fedhas
Gozag
Kikubaaqudgha
Nemelex Xobeh
Okawaru
Qazlal
Ru
Sif Muna
Trog
Vehumet
Wu Jian
Xom
Zin
The Shining One


Innate Abilities, Weirdness & Mutations

You passively map the area around you.
You are easily found by Zot.
You glow in the dark.
You regain HP and MP as you explore.


Message History

The redback seems to slow down.
Unknown command.
Unknown command.
Casting: Metabolic Englaciation (dangerous; 16% risk of failure)
Confirm with . or Enter, or press ? or * to list all spells.
Casting: Frozen Ramparts (safe; 1% risk of failure)
Press: ? - help, Dir - look around, f - activate The walls around you are covered in ice.
The wall freezes the komodo dragon!
The komodo dragon closely misses you.
Unknown command.
You thump the komodo dragon! You burn the komodo dragon.
The komodo dragon is heavily wounded.
The wall freezes the komodo dragon but does no damage.
The komodo dragon bites you!
You hit the komodo dragon.
The komodo dragon resists with almost no effort.
The komodo dragon is heavily wounded.
The wall freezes the komodo dragon!
The komodo dragon seems to slow down.
The komodo dragon bites you!!
You thump the redback! You burn the redback.
The redback is heavily wounded.
The wall freezes the redback but does no damage.
The redback bites you!
You are lethally poisoned!
The redback poisons you!
You miss the redback.
The redback is heavily wounded.
You feel extremely sick.
The wall freezes the komodo dragon.
The komodo dragon seems to slow down.
The komodo dragon bites you!
* * * LOW HITPOINT WARNING * * *
The wall freezes the redback!
The redback bites you but does no damage.
You feel better.
The redback is no longer moving slowly.
The wall freezes the redback.
You kill the redback!
Vehumet accepts your kill.
The wall freezes the komodo dragon but does no damage.
The komodo dragon bites you!!
You die...

* ,, *
**........~~~...~
*** ,
*........~~.~.~.~~
* , , , *
.......~.~~.~~.~.,
,, ,
,*.......~~~.~~~..
* , *
#.............. ,
* #............. *
, , ,,
#.....(.....P.,,
,, , ##........# *
, , *#@.#.....##
*** , ,,
......l#####P...#*
, , ......#,
#...## ##### ,,,
......
##.†#####.#.. *
..... #...#.......
###..
##...#....... , **
##,* #P.........<.
, * ,*
##........... * *
#......>....


You could see a komodo dragon (slow).

Vanquished Creatures
  A hornet (D:8)
  A redback (Lair:2)
  A water moccasin (D:6)
  Pargi (Sewer)
  A sky beast (D:7)
  3 centaurs
  3 phantoms
  2 kobold brigands
  A bullfrog (D:6)
  3 scorpions (D:5)
  3 vampire bats (D:6)
  A human zombie (Ossuary)
  A centaur zombie (Ossuary)
  4 hounds
  A jelly (D:4)
  3 orc priests
  Crazy Yiuf (D:4)
  5 iguanas
  9 orc wizards
  4 mummies (Ossuary)
  7 adders
  4 white imps
  A worm (D:2)
  2 dart slugs (D:1)
  35 orcs
  4 endoplasms
  2 giant cockroaches (D:4)
  2 goblins
  2 hobgoblins
  3 jackals (D:1)
  5 quokkas
  4 ball pythons
  7 bats
  3 frilled lizards
  A gnoll zombie (Ossuary)
  2 hobgoblin zombies (Ossuary)
  15 kobolds
  3 kobold zombies (Ossuary)
  A rat (D:1)
152 creatures vanquished.

Vanquished Creatures (collateral kills)
  2 komodo dragons (Lair:2)
2 creatures vanquished.

Vanquished Creatures (others)
  An orc zombie (D:6)
  A fungus (Lair:2)
2 creatures vanquished.

Grand Total: 156 creatures vanquished

Notes
Turn   | Place    | Note
-------+----------+-------------------------------------------
     0 | D:1      | hawla the Meteoran Ice Elementalist began the quest for the
                  | Orb.
     0 | D:1      | Reached XP level 1. HP: 14/14 MP: 5/5
    67 | D:1      | Reached XP level 2. HP: 20/20 MP: 3/6
   261 | D:1      | Reached skill level 5 in Ice Magic
   261 | D:1      | Reached XP level 3. HP: 24/26 MP: 6/8
   463 | D:3      | Found an opulent altar of Gozag.
   468 | D:3      | Reached XP level 4. HP: 33/33 MP: 5/10
   491 | D:3      | Found an ancient bone altar of Kikubaaqudgha.
   658 | D:4      | Reached XP level 5. HP: 26/39 MP: 7/12
   676 | D:3      | Learned a level 3 spell: Frozen Ramparts
   682 | D:3      | Reached XP level 6. HP: 16/46 MP: 4/13
   687 | D:3      | Learned a level 4 spell: Hailstorm
   764 | D:4      | Reached skill level 1 in Conjurations
   792 | D:4      | Found a shadowy altar of Dithmenos.
   860 | D:4      | Found a sparkling altar of Nemelex Xobeh.
   875 | D:4      | Found a glowing drain.
   898 | Sewer    | Entered a sewer
   938 | Sewer    | Noticed Pargi
   941 | Sewer    | Killed Pargi
   942 | Sewer    | Reached XP level 7. HP: 49/51 MP: 8/14
  1311 | D:4      | Found a runed translucent door.
  1312 | D:4      | Noticed Crazy Yiuf
  1484 | D:4      | Killed Crazy Yiuf
  1485 | D:4      | Reached skill level 5 in Conjurations
  1551 | D:5      | Entered Level 5 of the Dungeon
  1575 | D:5      | Reached skill level 1 in Staves
  1622 | D:5      | Reached skill level 1 in Fighting
  1628 | D:5      | Reached skill level 1 in Evocations
  1628 | D:5      | Reached XP level 8. HP: 39/59 MP: 1/16
  1744 | D:5      | Found a radiant altar of Vehumet.
  1755 | D:5      | Became a worshipper of Vehumet
  1766 | D:5      | Reached skill level 5 in Spellcasting
  1828 | D:5      | Found a staircase to the Ecumenical Temple.
  1860 | Temple   | Entered the Ecumenical Temple
  2126 | D:6      | Gained mutation: You passively map the area around you.
                  | [Meteoran growth]
  2126 | D:6      | Reached XP level 9. HP: 64/64 MP: 14/18
  2252 | D:6      | Reached * piety under Vehumet
  2252 | D:6      | Offered knowledge of Shock by Vehumet.
  2434 | D:6      | Reached skill level 5 in Staves
  3085 | D:8      | Offered knowledge of Searing Ray by Vehumet.
  3086 | D:8      | Reached skill level 5 in Dodging
  3098 | D:8      | Reached ** piety under Vehumet
  3125 | D:8      | Noticed a hornet
  3129 | D:8      | Killed a hornet
  3146 | D:8      | Reached XP level 10. HP: 58/75 MP: 21/21
  3187 | D:8      | Found a sand-covered staircase.
  3191 | Ossuary  | Entered an ossuary
  3198 | Ossuary  | Learned a level 5 spell: Metabolic Englaciation
  3266 | Ossuary  | Reached skill level 1 in Hexes
  3379 | D:8      | Found a staircase to the Lair.
  3392 | Lair:1   | Entered Level 1 of the Lair of Beasts
  3442 | Lair:2   | Noticed a komodo dragon
  3447 | Lair:2   | Noticed a komodo dragon
  3448 | Lair:2   | Killed a komodo dragon
  3456 | Lair:2   | Killed a komodo dragon
  3457 | Lair:2   | Reached skill level 5 in Hexes
  3466 | Lair:2   | Noticed a komodo dragon
  3476 | Lair:2   | Slain by a komodo dragon

Illustrated notes

Levels and vault maps discovered:
D:1:      kilobyte_arrival_exit_the_forest, layout_loops_ring,
          minmay_box_of_dots
D:2:      layout_basic
D:3:      layout_loops_ring, marbit_many_paths,
          nicolae_kikubaaqudgha_miasma_corner, mainiacjoe_overflow_24_doors,
          shapermc_ecumenical_altar_mp_highgroup
D:4:      layout_basic, nemelex_diamond_rough_becter, lemuel_doored_altar,
          gup_sewer_entry_glass, uniq_crazy_yiuf_cottage
D:5:      layout_loops_corners, lemuel_tele_altar,
          chequers_temple_overflow_statue_of_worship, minmay_temple_entry_mist,
          item_on_display_a
D:6:      layout_loops_corners, roderic_batcave
D:7:      layout_loops_cross
D:8:      layout_rooms, lair_entry_dummy, serial_shops, nicolae_shop_trees,
          enter_ossuary_5, minmay_misc_feat_nine_boxes
Temple:   nicolae_temple_ecumenical_triangle
Lair:1:   layout_layer_cave
Lair:2:   layout_cave_pods, nicolae_swamp_entry_splash_gauntlet,
          spider_nest_entry_a

Skill      XL: |  1  2  3  4  5  6  7  8  9 10 |
---------------+-------------------------------+-----
Spellcasting   | 3 4 5 7 |  7.0
Ice Magic      | 5 6 7 |  7.3
Conjurations   | 4 5 6 |  6.1
Staves         | 1 4 6 |  6.9
Fighting       | 1 2 |  2.9
Dodging        | 3 4 5 |  5.3
Evocations     | 1 2 |  2.0
Hexes          | 5 |  5.7
Stealth        | |  1.4

Action                   |  1- 3 |  4- 6 |  7- 9 | 10-12 || total
-------------------------+-------+-------+-------+-------++-------
Melee: Unarmed           |     7 |       |       |       ||     7
       Staff             |     2 |    25 |    10 |       ||    37
       Quarterstaff      |       |       |   141 |    37 ||   178
 Cast: Freeze            |    41 |    15 |     8 |       ||    64
       Frozen Ramparts   |       |     7 |    24 |     1 ||    32
       Hailstorm         |       |     1 |    10 |       ||    11
       Metabolic Englaci |       |       |       |     1 ||     1
  Use: Scroll            |       |     3 |     8 |     1 ||    12
       Potion            |       |       |     1 |     1 ||     2
 Stab: Sleeping          |       |       |     1 |       ||     1
       Confused          |       |       |       |     1 ||     1
Armor: Robe              |     5 |    18 |    67 |     5 ||    95
Dodge: Dodged            |    21 |    48 |   130 |    13 ||   212
